Construct Infanterie Kompanie
Selects Luftwaffe Battlegroup
Selects Luftwaffe Pioneer Support
Fallschirmpioneer Squad Paradrop
Fallschirmpioneer Squad Paradrop
Fallschirmpioneer Squad Paradrop
Selects Reconnaissance Run
Construct Panzergrenadier Kompanie
Selects Fallschirmjäger Squad Paradrop
Fallschirmjäger Squad Paradrop
Selects Flak 38 Anti-Air Emplacement
Fallschirmpioneer Squad Paradrop
Nebelwerfer 42 Rocket Launcher Team
Selects Flak 36 Anti-tank Gun Emplacement
Selects Fragmentation Bombs
Fallschirmjäger Squad Paradrop
Construct Luftwaffe Kompanie
Nebelwerfer 42 Rocket Launcher Team